 Dungeon Crawl Stone Soup version 0.14.0-7-g2801ba0 (webtiles) character file.

8944 Egon the Thaumaturge (level 11, -9/64 HPs)
             Began as a Deep Elf Ice Elementalist on Apr 12, 2014.
             Was a Believer of Vehumet.
             Mangled by a troll (13 damage)
             ... led by an orc knight
             ... on Level 9 of the Dungeon.
             The game lasted 01:07:01 (13229 turns).

Egon the Thaumaturge (Deep Elf Ice Elementalist)   Turns: 13229, Time: 01:07:02

HP  -9/64        AC  5     Str  7      XL: 11   Next: 11%
MP  34/34        EV 13     Int 22      God: Vehumet [**....]
Gold 400         SH  0     Dex 15      Spells:  6 memorised, 19 levels left

rFire  . . .     SeeInvis .     a - +4,+3 quarterstaff (chaos)
rCold  . . .     Clarity  .     p - +0 robe (curse)
rNeg   . . .     Conserve .     (no shield)
rPois  .         rCorr    .     (no helmet)
rElec  .         rRot     .     u - +0 cloak
SustAb . .       Spirit   .     (no gloves)
rMut   .         Warding  .     j - +1 pair of boots
Gourm  +         Stasis   .     k - amulet of the gourmand
MR     ++...                    (no ring)
                                v - ring of protection from magic

@: very resistant to hostile enchantments, fairly stealthy
A: no striking features
a: Renounce Religion


You were on level 9 of the Dungeon.
You worshipped Vehumet.
Vehumet was pleased with you.
You were completely stuffed.

You visited 3 branches of the dungeon, and saw 12 of its levels.
You also visited: Sewer.

You collected 400 gold pieces.

Inventory:

Hand weapons
 a - a +4,+3 quarterstaff of chaos (weapon)
Armour
 j - a +1 pair of boots (worn)
 p - a cursed +0 robe (worn)
 u - a +0 cloak (worn)
Magical devices
 e - a wand of slowing (8)
 f - a wand of frost (6)
 l - a wand of polymorph (6)
 n - a wand of magic darts (15)
 t - a wand of frost (21)
Comestibles
 c - 2 apricots
 d - a rotting chunk of orc flesh
 h - 3 meat rations
Scrolls
 g - a scroll of teleportation
 o - a scroll of enchant weapon I
Jewellery
 k - an amulet of the gourmand (around neck)
 v - a ring of protection from magic (left hand)
 w - an uncursed amulet of resist mutation {unknown}
Potions
 b - a potion of brilliance
 r - a potion of magic {unknown}
 s - a potion of flight


   Skills:
 + Level 5.2 Fighting
 - Level 2.4 Dodging
 - Level 2.4 Stealth
 - Level 12.3 Spellcasting
 - Level 10.0 Conjurations
 - Level 10.7 Ice Magic


You had 19 spell levels left.
You knew the following spells:

 Your Spells              Type           Power        Failure   Level  Hunger
a - Freeze                Ice            ####         1%          1    None
b - Throw Frost           Conj/Ice       ######       1%          2    None
c - Ozocubu's Armour      Chrm/Ice       #####.....   1%          3    None
d - Condensation Shield   Ice            ######....   1%          4    None
e - Throw Icicle          Conj/Ice       ######..     1%          4    None
f - Magic Dart            Conj           ####         1%          1    None


Dungeon Overview and Level Annotations

Branches:
Dungeon (10/15)            Temple (1/1) D:7             Orc (1/4) D:9
   Lair: D:8-11

Altars:
Ashenzari
Cheibriados
Dithmenos
Elyvilon
Fedhas
Kikubaaqudgha
Makhleb
Nemelex Xobeh
Okawaru
Sif Muna
Trog
Vehumet
Xom
Yredelemnul
Zin
The Shining One

Shops:
D:7 }

Annotations:
D:10 Invisible thingy!, Nergalle


Message History

There is a staircase to the Orcish Mines here.
The troll bites you!
* * * LOW HITPOINT WARNING * * *
The troll closely misses you. The troll claws you!
* * * LOW HITPOINT WARNING * * *
The orc closely misses you. The goblin hits you but does no damage.
The orc misses you.
You see here a club.
A hippogriff comes into view.
The hippogriff screeches!
You smell something rotten. (slot d)
You see here 2 arrows.
Your icy armour starts to melt.
Your icy armour evaporates.
The troll bites you.
* * * LOW HITPOINT WARNING * * *
The troll claws you!
* * * LOW HITPOINT WARNING * * *
The troll claws you!
You die...

#.....# #....## ##.[..# ##[.###
##################[...###########
.##.#....#.......<....(.##.#.....
..#........%...().....[..........
..................>..........[...
................@TH..go..........
...(..#.#..#..#>.......#....#..#.
#####.#############....##########
#.# ##....# ## #.# #.....# #####(
#.# #....## #....( #.# #.....#
#..... #.# #.....# #..o.. #.##
#..[..#####o....


You could see a hippogriff, a troll, an orc warrior and a goblin.

Vanquished Creatures
  The ghost of EvilAshe the Severer, an experienced HOFi of Zin (D:7)
  2 hill giants
  A manticore (D:9)
  Psyche (D:8)
  A kobold demonologist (Sewer)
  Grinder (Sewer)
  A troll (D:9)
  Prince Ribbit (D:6)
  6 yaks (D:9)
  A human (D:8)
  A hog (D:8)
  Eustachio (D:6)
  4 orc warriors
  2 water moccasins
  5 phantoms
  An ice beast (D:5)
  A black bear (D:9)
  4 centaurs
  7 ogres
  A big kobold (Sewer)
  3 giant frogs
  3 scorpions
  3 wights (D:9)
  2 goliath beetles
  7 crimson imps
  A quasit (Sewer)
  2 big fish (Sewer)
  6 orc priests
  Crazy Yiuf (D:5)
  An iguana (D:4)
  4 hounds
  4 orc wizards
  5 worker ants
  3 sheep (D:8)
  A sky beast zombie (D:7)
  Ijyb (D:3)
  3 big kobold zombies (Sewer)
  10 adders
  5 gnolls
  2 big fish zombies (Sewer)
  An inept item mimic (D:3)
  8 shadow imps
  6 giant mites
  2 worms
  An ufetubus (Sewer)
  An orc skeleton (D:8)
  7 giant geckos
  An ooze (Sewer)
  53 orcs
  A bat skeleton (D:5)
  2 bat zombies
  5 giant cockroaches
  11 hobgoblins
  13 jackals
  4 quokkas
  15 bats
  A giant cockroach zombie (Sewer)
  3 giant newts
  15 goblins
  A hobgoblin skeleton (D:7)
  26 kobolds
  12 rats
  A fungus (D:1)
300 creatures vanquished.

Notes
Turn   | Place    | Note
--------------------------------------------------------------
     0 | D:1      | Egon, the Deep Elf Ice Elementalist, began the quest for the Orb.
     0 | D:1      | Reached XP level 1. HP: 10/10 MP: 5/5
   673 | D:1      | Reached XP level 2. HP: 15/15 MP: 4/8
   677 | D:1      | Learned a level 2 spell: Throw Frost
  1179 | D:2      | Reached skill level 4 in Ice Magic
  1319 | D:2      | Reached XP level 3. HP: 19/19 MP: 5/12
  1777 | D:2      | Learned a level 3 spell: Ozocubu's Armour
  1987 | D:3      | Noticed Ijyb
  2003 | D:3      | Killed Ijyb
  2003 | D:3      | Reached XP level 4. HP: 24/24 MP: 2/15
  2249 | D:3      | Learned a level 4 spell: Condensation Shield
  2872 | D:3      | Reached skill level 5 in Spellcasting
  2872 | D:3      | Reached XP level 5. HP: 23/28 MP: 11/19
  3475 | D:3      | Reached skill level 5 in Ice Magic
  3789 | D:3      | Found a sparkling altar of Nemelex Xobeh.
  3789 | D:3      | Found a glowing silver altar of Zin.
  3793 | D:3      | Found a white marble altar of Elyvilon.
  4220 | D:4      | Reached XP level 6. HP: 32/32 MP: 18/21
  4902 | D:5      | Entered Level 5 of the Dungeon
  4936 | D:5      | Reached skill level 6 in Spellcasting
  4942 | D:5      | Learned a level 4 spell: Throw Icicle
  5119 | D:5      | Found a glowing drain.
  5164 | Sewer    | Entered a sewer
  5721 | Sewer    | Reached XP level 7. HP: 23/36 MP: 15/24
  6224 | Sewer    | Found a burning altar of Makhleb.
  6361 | Sewer    | Noticed Grinder
  6369 | Sewer    | Killed Grinder
  6369 | Sewer    | Reached skill level 7 in Spellcasting
  6369 | Sewer    | Reached skill level 5 in Conjurations
  6649 | Sewer    | Noticed an apprentice kobold demonologist
  6675 | Sewer    | Killed an apprentice kobold demonologist
  6675 | Sewer    | Reached skill level 8 in Spellcasting
  6675 | Sewer    | Reached XP level 8. HP: 37/41 MP: 1/27
  7510 | D:5      | Reached skill level 9 in Spellcasting
  7740 | D:5      | Noticed Crazy Yiuf
  7762 | D:5      | Killed Crazy Yiuf
  7976 | D:5      | Found an iron altar of Okawaru.
  8111 | D:6      | Reached XP level 9. HP: 45/45 MP: 14/29
  8279 | D:6      | Noticed Eustachio
  8287 | D:6      | Killed Eustachio
  8684 | D:6      | Noticed Prince Ribbit
  8689 | D:6      | Killed Prince Ribbit
  8689 | D:6      | Reached skill level 10 in Spellcasting
  9178 | D:7      | Found Quitaxab's Gadget Shoppe.
  9365 | D:7      | Found a staircase to the Ecumenical Temple.
  9371 | Temple   | Entered the Ecumenical Temple
  9432 | Temple   | Became a worshipper of Vehumet
  9515 | D:7      | Noticed EvilAshe's ghost (experienced HOFi)
  9533 | D:7      | Killed EvilAshe's ghost
  9533 | D:7      | Reached skill level 11 in Spellcasting
  9773 | D:8      | Found a bloodstained altar of Trog.
 10053 | D:8      | Reached XP level 10. HP: 50/50 MP: 27/32
 10078 | D:8      | Noticed Psyche
 10084 | D:8      | Killed Psyche
 10192 | D:8      | Reached skill level 10 in Ice Magic
 10508 | D:8      | Acquired Vehumet's first power
 10508 | D:8      | Offered knowledge of Sandblast by Vehumet.
 11251 | D:9      | Reached skill level 12 in Spellcasting
 11438 | D:9      | Offered knowledge of Magic Dart by Vehumet.
 11524 | D:9      | Reached skill level 10 in Conjurations
 11708 | D:9      | Found a staircase to the Orcish Mines.
 11774 | D:9      | Reached skill level 1 in Fighting
 12110 | D:9      | Noticed a manticore
 12289 | D:9      | HP: 1/56 [manticore/volley of spikes (16)]
 12291 | D:9      | Killed a manticore
 12564 | D:9      | Learned a level 1 spell: Magic Dart
 12690 | D:9      | Noticed a hill giant
 12695 | D:9      | Killed a hill giant
 12695 | D:9      | Reached XP level 11. HP: 59/62 MP: 22/34
 12808 | D:10     | Entered Level 10 of the Dungeon
 12853 | D:10     | HP: 2/62 [something (6)]
 12858 | D:10     | Noticed a hill giant
 12873 | D:10     | Killed a hill giant
 12873 | D:10     | Offered knowledge of Static Discharge by Vehumet.
 12873 | D:10     | Reached skill level 5 in Fighting
 12961 | D:10     | Noticed Nergalle
 13146 | Orc:1    | Entered Level 1 of the Orcish Mines
 13171 | D:9      | HP: 3/64 [troll[an orc knight] (9)]
 13229 | D:9      | Mangled by a troll

Action                   |  1- 3 |  4- 6 |  7- 9 | 10-12 || total
-------------------------+-------+-------+-------+-------++-------
Melee: Dagger            |    45 |       |       |       ||    45
       Short sword       |       |     8 |       |       ||     8
       Long sword        |       |    42 |    36 |       ||    78
       Quarterstaff      |       |       |    36 |    11 ||    47
 Cast: Freeze            |    44 |    75 |    84 |    64 ||   267
       Throw Frost       |     9 |    68 |    51 |    79 ||   207
       Ozocubu's Armour  |     1 |    15 |    13 |     9 ||    38
       Condensation Shie |       |     1 |     3 |     3 ||     7
       Throw Icicle      |       |       |    61 |    76 ||   137
       Magic Dart        |       |       |       |    10 ||    10
Evoke: Wand              |       |       |     1 |     2 ||     3
  Use: Scroll            |       |    11 |     4 |     5 ||    20
       Potion            |       |     1 |     1 |     4 ||     6
 Stab: Sleeping          |     2 |     5 |     2 |       ||     9
       Confused          |       |       |     1 |       ||     1
